 Dungeon Crawl Stone Soup version 0.27.1-1-g398f81649c (webtiles) character file.

Game seed: 13485306904324316545

636879 Amplified the Slayer (level 26, -9/376 HPs)
             Began as a Green Draconian Arcane Marksman on Sept 3, 2021.
             Was a High Priest of Wu Jian.
             Mangled by a bone dragon (15 damage)
             ... summoned by an orange crystal statue
             ... on level 4 of a ziggurat on Sept 6, 2021.
             The game lasted 02:46:54 (86946 turns).

Amplified the Slayer (DrAM)                        Turns: 86946, Time: 02:46:55

Health: -9/376     AC: 26    Str: 24    XL:     26   Next: 95%
Magic:  6/44       EV: 25    Int: -7 (18) God:    Wu Jian [*****.]
Gold:   8416       SH:  0    Dex: 30    Spells: 35/60 levels left

rFire    + . .     SeeInvis .     - Unarmed
rCold    + . .     Faith    .   (shield currently unavailable)
rNeg     . . .     Spirit   .   (armour unavailable)
rPois    +         Reflect  .   (helmet currently unavailable)
rElec    +         Harm     .   (cloak currently unavailable)
rCorr    +         Rampage  .   (gloves currently unavailable)
Will     +....                  (boots currently unavailable)
Stlth    ++........             Q - amulet of the acrobat
HPRegen  0.00/turn              K - ring of Lady Luck {Contam Fly rC- AC+4 Dex+10}
MPRegen  0.29/turn              J - ring "Plog" {rC+ Slay+4}

@: mighty, dragon-form, resistant, flying, diseased, hasted and slowed, lost
intelligence, studying Throwing
A: dragon claw, dragon scales, flying, boosted hp, breathe noxious fumes, AC
+12, giant, unfitting armour, stinger 1, (poison resistance), (cold-blooded),
agile 1, (electricity resistance)
}: 4/15 runes: decaying, serpentine, silver, abyssal
a: Breathe Noxious Fumes, End Transformation, Renounce Religion, Wall Jump,
Serpent's Lash, Heavenly Storm


You were on level 4 of a ziggurat.
You worshipped Wu Jian.
Wu Jian was extremely pleased with you.
You were a fearsome swamp dragon!
You visited 9 branches of the dungeon, and saw 47 of its levels.
You visited the Abyss 6 times.
You visited 1 ziggurat, and saw 4 of its levels.
You also visited: Ice Cave, Volcano and Wizlab.

You collected 11960 gold pieces.
You spent 3544 gold pieces at shops.

Inventory:

Missiles
 a - 5 javelins (quivered)
 u - 4 curare-tipped darts
 G - 2 throwing nets
Armour
 g - a +2 buckler of protection (melded)
 i - a +2 pair of boots (melded)
 k - the +3 pair of gauntlets of War (melded) {Slay+5}
   (You acquired it on level 2 of the Dungeon)

   Slay:      It affects your accuracy & damage with ranged weapons and melee
   (+5).
 s - a scarf of resistance (melded)
 L - the +6 tower shield of Valiance {Will+}
   (You found it on level 2 of the Abyss)

   Will:      It increases your willpower.
 R - a +2 hat of stealth (melded)
Jewellery
 h - a ring of protection from fire
 y - the ring "Vicurph" {Fly rC+}
   (You found it in a wizard's laboratory)

   [ring of flight]

   rC:        It protects you from cold.
   Fly:       It grants you flight.
 J - the ring "Plog" (right foreclaw) {rC+ Slay+4}
   (You found it on level 4 of the Depths)

   [ring of slaying]

   Slay:      It affects your accuracy & damage with ranged weapons and melee
   (+4).
   rC:        It protects you from cold.
 K - the ring of Lady Luck (left foreclaw) {Contam Fly rC- AC+4 Dex+10}
   (You found it on level 2 of the Lair of Beasts)

   [ring of protection]

   AC:        It affects your AC (+4).
   Dex:       It affects your dexterity (+10).
   rC:        It makes you vulnerable to cold.
   Fly:       It grants you flight.
   Contam:    It causes magical contamination when unequipped.
 O - a ring of protection from cold
 Q - an amulet of the acrobat (around neck)
 T - the ring "Usik" {rCorr Str+7 Int-2}
   (You acquired it on level 2 of the Crypt)

   [ring of resist corrosion]

   Str:       It affects your strength (+7).
   Int:       It affects your intelligence (-2).
   rCorr:     It protects you from acid and corrosion.
 Y - the ring of Hopsos {Str+4 Slay+4 Stlth+}
   (You took it off a deep elf demonologist on level 3 of the Elven Halls)

   [ring of slaying]

   Str:       It affects your strength (+4).
   Slay:      It affects your accuracy & damage with ranged weapons and melee
   (+4).
   Stlth:     It makes you more stealthy.
Wands
 d - a wand of mindburst (46)
 r - a wand of flame (72)
 t - a wand of charming (19)
 E - a wand of acid (14)
 F - a wand of digging (5)
 P - a wand of iceblast (92)
 V - a wand of polymorph (25)
Scrolls
 e - 29 scrolls of identify
 j - 3 scrolls of fear
 o - 14 scrolls of amnesia
 p - a scroll of magic mapping
 v - a scroll of fog
 w - 10 scrolls of teleportation
 A - 2 scrolls of blinking
 B - 7 scrolls of enchant weapon
 I - a scroll of brand weapon
 U - 3 scrolls of enchant armour
Potions
 b - 9 potions of brilliance
 c - 10 potions of flight
 f - 7 potions of curing
 l - 5 potions of lignification
 m - 4 potions of haste
 q - 4 potions of mutation
 z - 3 potions of berserk rage
 D - 4 potions of ambrosia
 H - a potion of magic
 M - 3 potions of cancellation
 N - 11 potions of attraction
Miscellaneous
 C - a condenser vane (inert)


   Skills:
 + Level 23.5 Fighting
 - Level 1.7 Throwing
 * Level 22.1 Dodging
 - Level 5.4 Shields
 * Level 23.4 Unarmed Combat
 - Level 17.9 Spellcasting
 - Level 2.6 Hexes
 - Level 13.2 Transmutations
 - Level 9.5 Earth Magic
 + Level 3.5 Evocations


You had 35 spell levels left.
You knew the following spells:

 Your Spells              Type           Power      Damage    Failure   Level
a - Portal Projectile     Hex/Tloc       0%         N/A       22%         3
b - Slow                  Hex            0%         N/A       6%          2
c - Passwall              Tmut/Erth      0%         N/A       1%          2
d - Statue Form           Tmut/Erth      0%         N/A       17%         6
e - Dragon Form           Tmut           0%         N/A       41%         7
f - Lee's Rapid Deconstr  Erth           0%         3d5*      7%          5

Your spell library contained the following spells:

 Spells                   Type           Power      Damage    Failure   Level
 Sandblast                Erth           0%         2d4       1%          1
 Sting                    Tmut/Pois      0%         1d3       1%          1
 Petrify                  Tmut/Erth      0%         N/A       1%          4
 Blade Hands              Tmut           0%         N/A       1%          5
 Corona                   Hex            0%         N/A       4%          1
 Ice Form                 Ice/Tmut       0%         N/A       9%          4
 Leda's Liquefaction      Hex/Erth       0%         N/A       10%         4
 Ensorcelled Hibernation  Hex/Ice        0%         N/A       11%         2
 Animate Skeleton         Necr           0%         N/A       12%         1
 Apportation              Tloc           0%         N/A       12%         1
 Foxfire                  Conj/Fire      0%         2x1d4     12%         1
 Magic Dart               Conj           0%         1d3       12%         1
 Pain                     Necr           0%         1d4       12%         1
 Shock                    Conj/Air       0%         1d3       12%         1
 Summon Small Mammal      Summ           0%         N/A       12%         1
 Tukima's Dance           Hex            0%         N/A       12%         3
 Yara's Violent Unravell  Hex/Tmut       0%         3d3       13%         5
 Blink                    Tloc           N/A        N/A       19%         2
 Call Imp                 Summ           0%         N/A       19%         2
 Poisonous Vapours        Pois/Air       0%         N/A       19%         2
 Searing Ray              Conj           0%         3d3       19%         2
 Static Discharge         Conj/Air       0%         N/A       19%         2
 Sublimation of Blood     Necr           0%         N/A       19%         2
 Dazzling Flash           Conj/Hex       0%         N/A       22%         3
 Inner Flame              Hex/Fire       0%         N/A       22%         3
 Summon Guardian Golem    Hex/Summ       0%         N/A       22%         3
 Irradiate                Conj/Tmut      0%         3d14      22%         5
 Call Canine Familiar     Summ           0%         N/A       36%         3
 Frozen Ramparts          Ice            0%         1d2       36%         3
 Gell's Gravitas          Tloc           0%         N/A       36%         3
 Lesser Beckoning         Tloc           0%         N/A       36%         3
 Mephitic Cloud           Conj/Pois/Air  0%         N/A       36%         3
 Ozocubu's Armour         Ice            0%         N/A       36%         3
 Teleport Other           Tloc           0%         N/A       36%         3
 Vampiric Draining        Necr           0%         2d6       36%         3
 Cause Fear               Hex            0%         N/A       38%         4
 Borgnjor's Vile Clutch   Necr/Erth      0%         N/A       43%         5
 Fulminant Prism          Conj/Hex       0%         3d6       56%         4
 Animate Dead             Necr           0%         N/A       77%         4
 Iskenderun's Mystic Bla  Conj/Tloc      0%         2d3       77%         4
 Olgreb's Toxic Radiance  Pois           0%         N/A       77%         4
 Passage of Golubria      Tloc           N/A        N/A       77%         4
 Summon Ice Beast         Ice/Summ       0%         N/A       77%         4
 Summon Lightning Spire   Summ/Air       0%         N/A       77%         4
 Eringya's Noxious Bog    Tmut/Pois      0%         N/A       77%         6
 Metabolic Englaciation   Hex/Ice        0%         N/A       89%         5
 Silence                  Hex/Air        0%         N/A       89%         5
 Summon Mana Viper        Hex/Summ       0%         N/A       89%         5
 Iron Shot                Conj/Erth      0%         9d1       95%         6
 Agony                    Necr           0%         N/A       98%         5
 Fireball                 Conj/Fire      0%         3d3       98%         5
 Freezing Cloud           Conj/Ice/Air   0%         6-21      98%         5
 Lightning Bolt           Conj/Air       0%         1d11      98%         5
 Manifold Assault         Tloc           0%         N/A       98%         5
 Summon Forest            Summ/Tloc      0%         N/A       98%         5
 Invisibility             Hex            0%         N/A       99%         6
 Conjure Ball Lightning   Conj/Air       0%         3x3d6     100%        6
 Death Channel            Necr           0%         N/A       100%        6
 Dispersal                Tloc           0%         N/A       100%        6
 Simulacrum               Ice/Necr       0%         N/A       100%        6
 Starburst                Conj/Fire      0%         6d3       100%        6
 Haunt                    Necr/Summ      0%         N/A       100%        7
 Monstrous Menagerie      Summ           0%         N/A       100%        7
 Orb of Destruction       Conj           0%         N/A       100%        7
 Ozocubu's Refrigeration  Ice            0%         4d5       100%        7
 Spellforged Servitor     Conj/Summ      0%         N/A       100%        7
 Storm Form               Tmut/Air       0%         N/A       100%        7
 Summon Hydra             Summ           0%         N/A       100%        7
 Disjunction              Tloc           0%         N/A       100%        8
 Ignition                 Fire           0%         3d3       100%        8
 Infestation              Necr           0%         N/A       100%        8
 Lehudib's Crystal Spear  Conj/Erth      0%         10d2      100%        8
 Maxwell's Capacitive Co  Air            0%         ∞         100%        8
 Chain Lightning          Conj/Air       0%         N/A       100%        9
 Animate Armour           Summ/Erth      Unusable   N/A       N/A         4

Dungeon Overview and Level Annotations

Branches:
Dungeon (15/15)            Temple (0/1) D:5            Lair (6/6) D:9
  Swamp (4/4) Lair:3        Snake (4/4) Lair:2        Slime (0/5) Lair:5
    Orc (2/2) D:10            Elf (3/3) Orc:2        Vaults (5/5) D:13
  Crypt (3/3) Vaults:2       Tomb (0/3) Crypt:3      Depths (5/5) D:15
    Zot (0/5) Depths:5      IceCv (visited)         Volcano (visited)
 WizLab (visited)

Altars:
Dithmenos
Fedhas
Gozag
Hepliaklqana
Kikubaaqudgha
Nemelex Xobeh
Okawaru
Ru
Wu Jian
Yredelemnul
Zin
Beogh

Shops:
D:4 (   D:7 :   D:12 !   Orc:2 [(:*   Elf:1 **   Elf:2 :   Snake:4 *
Vaults:2 :   Depths:5 ([

Portals:
Hell: Depths:1 Depths:2 Depths:3 Depths:4 Depths:5
Abyss: Depths:3 Depths:4
Pandemonium: Depths:1 Depths:3 Depths:5

Annotations:
Lair:6 Spells online
Zig:4 exclusion: 3 orange crystal statues


Innate Abilities, Weirdness & Mutations

You are a fearsome swamp dragon!
You have a powerful clawing attack.
Your giant scaled body is strong and resiliant, but less evasive.
Your breath weapon is enhanced in this form.
You are flying.
Your maximum health is greatly increased.
Your armour is entirely melded.
You are incapable of wielding weapons or throwing items.
You can breathe blasts of noxious fumes.
Your lurid green scales are hard. (AC +12)
You cannot fit into any form of body armour.
Your tail ends in a poisonous barb.
((Your system is resistant to poisons. (rPois)))
((You are cold-blooded and may be slowed by cold attacks.))
You are agile. (Dex +2)
((You are resistant to electric shocks. (rElec)))


Message History

The raiju blinks!
The spatial maelstrom hits you but does no damage.
The spatial maelstrom hits you.
* * * LOW HITPOINT WARNING * * *
Space warps horribly around you!
* * * LOW HITPOINT WARNING * * *
The bone dragon closely misses you. The bone dragon claws you!
* * * LOW HITPOINT WARNING * * *
The bone dragon barely misses you. The raiju barely misses you.
A chorus of shrieks assaults your mind.
* * * LOW HITPOINT WARNING * * *
The raiju completely misses you.
Unknown command.
You feel protected. A chorus of shrieks assaults your mind.
* * * LOW HITPOINT WARNING * * *
The spatial maelstrom closely misses you.
The spatial maelstrom barely misses you.
The bone dragon bites you.
* * * LOW HITPOINT WARNING * * *
The bone dragon barely misses you. The bone dragon misses you.
The raiju bites you but does no damage.
The raiju bursts into living lightning!
The living lightning hits you. You resist.
* * * LOW HITPOINT WARNING * * *
The raiju blinks!
The spatial maelstrom misses you.
The spatial maelstrom closely misses you.
Unknown command.
Unknown command.
Unknown command.
You feel yourself speed up.
The heavenly storm settles.
The bone dragon completely misses you. The bone dragon closely misses you. x2
The raiju misses you. x2
A chorus of shrieks assaults your mind.
* * * LOW HITPOINT WARNING * * *
The spatial maelstrom completely misses you.
The spatial maelstrom hits you but does no damage.
The bone dragon bites you!
You die...

▓.........▓▓
.........z.▓▓
?..8...8....▓
∩?.....v....▓▓
>(....x.z.∩..▓
∩$...W3.z...▓▓
...8o.zzXzz§▓
...4...XDhh▓▓
▓......XvD▓▓
▓▓▓▓▓.▓▓▓▓▓ ▓▓


You could see a bone dragon (summoned), 3 starcursed masses, a spatial
maelstrom, 2 raiju and 3 flying skulls.

Vanquished Creatures
  2 dread liches (Vaults:5)
  2 ancient liches
  Bai Suzhen (Crypt:3)
  Saint Roka (Depths:2)
  3 caustic shrikes (Depths:2)
  2 golden dragons
  Nikola (Snake:4)
  Jory (Depths:2)
  4 bone dragons
  A Cloud Mage (WizLab)
  7 tentacled monstrosities
  8 liches
  2 deep elf blademasters (Elf:3)
  An acid blob (shapeshifter) (Vaults:5)
  A titan (Vaults:5)
  2 deep elf master archers (Elf:3)
  A quicksilver dragon (Depths:4)
  2 ancient champions (Crypt:2)
  8 tentacled starspawn
  An Executioner (Abyss:1)
  3 storm dragons
  A thorn hunter (Swamp:3)
  Kirke (D:14)
  4 tengu reavers
  6 sphinxes
  4 revenants
  9 shadow dragons
  2 azure jellies (Swamp:4)
  9 frost giants
  3 iron dragons
  4 nagarajas (Snake:4)
  7 fire giants
  2 caustic shrike zombies
  3 orc warlords
  A draconian knight (Abyss:1)
  6 deep elf sorcerers
  17 vault wardens
  A draconian scorcher (Abyss:5)
  2 ghost moths (Depths:2)
  A cacodemon (Depths:5)
  An angel (Zig:1)
  Louise (Depths:3)
  18 ironbound preservers
  3 balrugs
  4 curse skulls
  A draconian stormcaller (Depths:5)
  3 deep elf elementalists
  A ghoul (Crypt:2)
  A spriggan defender (Depths:4)
  A juggernaut skeleton (Depths:4)
  21 stone giants
  The ghost of Opsifuid the Severer, a journeyman BaBe of Trog (Elf:1)
  2 reapers
  A draconian annihilator (Depths:5)
  A caustic shrike skeleton (Depths:2)
  7 war gargoyles
  18 very ugly things
  2 green draconians (Depths:5)
  12 deep elf demonologists
  15 vampire knights
  A dire elephant (shapeshifter) (Vaults:5)
  4 black draconians
  4 bunyips
  3 dire elephants
  An entropy weaver (Vaults:2)
  The ghost of Skiberibeda the Grappler, a journeyman TrMo (Lair:6)
  Azrael (D:14)
  A spark wasp (shapeshifter) (Depths:3)
  A yellow draconian (Depths:5)
  A purple draconian (Depths:5)
  11 deep elf annihilators
  3 spark wasps
  12 blizzard demons
  12 eidola
  A merfolk javelineer (Depths:4)
  3 eleionomae
  10 deep elf death magi
  Snorg (D:13)
  7 fire dragons
  3 merfolk impalers
  14 ettins
  Josephine (D:14)
  A green death (Abyss:2)
  A mummy priest (Crypt:3)
  2 crystal guardians (Abyss:4)
  10 jiangshi
  2 great orbs of eyes (shapeshifter) (Abyss:4)
  9 great orbs of eyes
  13 yaktaur captains
  2 deep elf high priests
  Fannar (Lair:1)
  10 ice dragons
  8 spriggan air magi
  2 hell beasts
  6 ironbound thunderhulks
  8 boulder beetles
  A merfolk avatar (Abyss:4)
  17 hydras
  24 naga warriors
  4 rakshasas
  10 ghost crabs
  28 vault guards
  A catoblepas (Lair:6)
  A juggernaut simulacrum (Depths:3)
  2 peacekeepers
  3 death knights (Crypt:1)
  3 salamander tyrants (Snake:4)
  13 ironbound frosthearts
  10 anacondas
  6 centaur warriors
  29 dancing weapons
  4 two-headed ogres
  18 deep troll shamans
  6 alligators
  A hell hog (Abyss:1)
  5 tengu warriors
  4 vampire magi
  11 death yaks
  3 ironbound beastmasters
  26 thrashing horrors
  A spriggan berserker (Depths:4)
  16 naga sharpshooters
  10 deep troll earth magi
  18 hell knights
  10 shock serpents
  A sun demon (Abyss:5)
  18 deep elf knights
  A titan skeleton (Crypt:1)
  11 wretched stars
  3 soul eaters
  15 shadow wraiths
  25 skeletal warriors
  A cherub (Zig:1)
  13 iron trolls
  68 deep trolls
  6 salamander mystics
  A goliath frog (shapeshifter) (Abyss:4)
  A spark wasp zombie (Depths:3)
  3 swamp dragons
  3 glowing orange brains
  3 spriggan druids
  A torturous demonspawn (Depths:5)
  2 sixfirhies
  2 orange crystal statues (Zig:2)
  6 naga ritualists
  A gelid demonspawn (Depths:5)
  4 death drakes
  6 flayed ghosts
  An anaconda zombie (Crypt:1)
  2 spectral hydras (Swamp:3)
  17 ironbound convokers
  A swamp dragon (shapeshifter) (Abyss:4)
  2 obsidian statues
  12 phantasmal warriors
  28 starcursed masses
  A golden dragon skeleton (Crypt:3)
  11 bog bodies
  11 orc knights
  An anaconda skeleton (Crypt:3)
  16 wizards
  4 lindwurms
  A harpy (shapeshifter) (D:15)
  11 deep elf archers
  A mana viper (shapeshifter) (Vaults:5)
  5 goliath frog zombies (Swamp:3)
  An iron dragon zombie (Crypt:3)
  A manticore (D:7)
  14 necromancers
  34 deep elf pyromancers
  10 harpies
  The ghost of Beaer the Covert, a novice VSBr of Okawaru (D:7)
  A stone giant zombie (Crypt:3)
  44 deep elf zephyrmancers
  2 orc sorcerers
  An orb spider (shapeshifter) (Vaults:5)
  42 ugly things
  2 worldbinders (Abyss:4)
  The ghost of Artemis the Caller, a novice MfSu of Sif Muna (D:7)
  8 mana vipers
  2 goliath frog skeletons
  A will-o-the-wisp (Swamp:2)
  13 cyclopes
  2 apocalypse crabs
  A shock serpent zombie (Crypt:2)
  21 large abominations
  3 tengu skeletons
  Maurice (D:13)
  9 salamanders
  An eleionoma skeleton (Crypt:2)
  9 elephants
  2 iron dragon skeletons (Crypt:3)
  A black mamba (shapeshifter) (D:13)
  3 guardian serpents (Snake:4)
  4 smoke demons
  A molten gargoyle (Volcano)
  9 fire giant skeletons
  2 frost giant skeletons
  33 black mambas
  20 vault sentinels
  A rust devil (Depths:5)
  18 naga magi
  8 gargoyles
  3 ice statues
  11 cane toads
  Maggie (D:8)
  5 orange demons
  A storm dragon simulacrum (Depths:4)
  A yaktaur (shapeshifter) (Zig:3)
  3 rime drakes
  5 swamp worm zombies
  7 freezing wraiths
  8 unseen horrors (Abyss:4)
  44 yaktaurs
  2 hellwings
  4 tengu conjurers
  3 ice devils
  A hydra zombie (Crypt:1)
  9 komodo dragons
  A sea snake zombie (Crypt:2)
  A tormentor (Abyss:3)
  5 ancient zymes
  2 red devils (Depths:3)
  2 anaconda simulacra (IceCv)
  3 elf skeletons
  A death yak skeleton (Crypt:2)
  A red draconian skeleton (Crypt:2)
  2 guardian mummies (Crypt:3)
  5 polar bears
  Grinder (D:3)
  An entropy weaver simulacrum (IceCv)
  6 trolls
  A meliai (D:13)
  A jumping spider (shapeshifter) (D:14)
  42 slime creatures
  2 blink frogs (shapeshifter)
  12 dream sheep (Lair:5)
  3 tyrant leeches
  A wind drake (WizLab)
  38 blink frogs
  4 hornets
  An iron dragon simulacrum (Crypt:1)
  4 alligator zombies
  A fire giant simulacrum (Vaults:5)
  4 spectral swamp dragons (Swamp:3)
  9 raiju
  A raiju (shapeshifter) (D:11)
  An ettin zombie (Crypt:3)
  10 air elementals
  2 black mamba zombies
  A redback (Vaults:2)
  9 water elementals
  An ice dragon skeleton (Crypt:1)
  2 flying skulls (Abyss:4)
  7 ynoxinuls
  3 wyverns
  2 vampires
  An ushabti (Crypt:3)
  11 fire dragon skeletons (Crypt:3)
  17 wraiths
  5 spriggans
  A black mamba skeleton (Crypt:1)
  4 hogs (D:14)
  29 yaks
  3 chaos spawn
  4 shadows (Crypt:3)
  3 steam dragons
  2 tyrant leech zombies (Swamp:3)
  5 basilisks
  17 vampire mosquitoes
  11 fire elementals
  A golden eye (shapeshifter) (Vaults:5)
  A death yak simulacrum (IceCv)
  4 swamp worm simulacra (Swamp:4)
  9 neqoxecs
  2 wargs
  13 swamp worms
  A human (shapeshifter) (Elf:1)
  A torturous demonspawn zombie (Crypt:1)
  73 nagas
  A spatial vortex (Abyss:4)
  14 hydra simulacra (Swamp:4)
  2 harpy simulacra
  A cane toad zombie (Crypt:3)
  A glowing shapeshifter zombie (Crypt:1)
  17 water moccasins
  2 acid dragons (D:12)
  A merfolk zombie (Crypt:3)
  A deep troll skeleton (Crypt:1)
  A cane toad skeleton (Crypt:1)
  5 hell hounds
  8 black bears
  16 orc warriors
  2 swamp drakes
  A fire dragon simulacrum (Abyss:4)
  2 sky beasts (D:7)
  3 ogres
  6 necrophages
  53 wolves
  A boggart (Vaults:1)
  25 centaurs
  16 small abominations
  A manticore skeleton (Crypt:1)
  A torpor snail zombie (Crypt:2)
  3 kobold brigands
  4 gnoll sergeants
  13 bullfrogs
  5 two-headed ogre simulacra (IceCv)
  An earth elemental (Elf:2)
  A human skeleton (Vaults:5)
  3 scorpions
  A wyvern zombie (D:7)
  A water moccasin zombie (D:5)
  A water moccasin skeleton (D:4)
  5 spriggan zombies
  A wyvern skeleton (Crypt:1)
  3 troll zombies (Swamp:3)
  3 elephant simulacra (IceCv)
  12 killer bees
  A troll skeleton (Swamp:3)
  6 howler monkeys
  An electric eel (Lair:1)
  A lava snake (D:14)
  A hound (D:6)
  A quasit (Abyss:2)
  6 centaur zombies
  2 bullfrog skeletons
  A gnoll shaman (D:8)
  11 orc priests
  A basilisk skeleton (Crypt:2)
  2 iron imps (Abyss:2)
  2 jellies (D:6)
  4 iguanas
  Terence (D:3)
  Natasha (thrice) (D:2)
  12 orc wizards
  3 polar bear simulacra (IceCv)
  14 hell rats
  5 troll simulacra (IceCv)
  4 spriggan simulacra (IceCv)
  2 wolf simulacra (IceCv)
  A killer bee zombie (D:5)
  9 mummies (Crypt:3)
  A howler monkey zombie (D:6)
  A gnoll (shapeshifter) (Vaults:5)
  3 adders
  24 gnolls
  9 naga simulacra (IceCv)
  A shadow imp (Abyss:3)
  9 white imps
  4 swamp drake simulacra (Swamp:4)
  4 ufetubi
  An adder skeleton (D:4)
  2 worms
  3 dart slugs
  58 orcs
  A spectral bat (Abyss:5)
  6 ball pythons
  4 endoplasms
  4 giant cockroaches
  4 goblins
  7 hobgoblins
  24 kobolds
  2 quokkas
  9 bats
  A bat simulacrum (Abyss:5)
  4 frilled lizards
  9 rats
  3 briar patches (Swamp:3)
  5 starspawn tentacles
2408 creatures vanquished.

Vanquished Creatures (collateral kills)
  An ironbound preserver (Vaults:1)
  A thrashing horror (Abyss:4)
  An entropy weaver simulacrum (IceCv)
3 creatures vanquished.

Vanquished Creatures (others)
  An eldritch tentacle (Abyss:4)
  A spark wasp (WizLab)
  A deep elf high priest (Elf:3)
  3 deep elf knights
  A deep elf archer (Elf:3)
  A naga mage (Snake:4)
  A komodo dragon (Lair:3)
  2 bloated husks
  A wind drake (WizLab)
  A blink frog (Abyss:3)
  An air elemental (WizLab)
  3 nagas (Snake:4)
  An orc warrior (Orc:2)
  An ufetubus (Abyss:3)
  A briar patch (Swamp:3)
  4 bushes
  4 foxfires (Swamp:2)
  79 fungi
  3 lurking horrors
  128 plants
  14 starspawn tentacles
  A withered plant (Swamp:3)
253 creatures vanquished.

Grand Total: 2664 creatures vanquished

Notes
Turn   | Place    | Note
-------+----------+-------------------------------------------
     0 | D:1      | Amplified the Draconian Arcane Marksman began the quest for
                  | the Orb.
     0 | D:1      | Reached XP level 1. HP: 16/16 MP: 2/2
   276 | D:1      | Reached XP level 2. HP: 18/23 MP: 3/3
   427 | D:1      | Found an ornate altar of the Wu Jian Council.
   442 | D:1      | Became a worshipper of the Wu Jian Council
   879 | D:1      | Found a faded altar of an unknown god.
  1260 | D:2      | Learned a level 2 spell: Slow
  1316 | D:2      | Reached skill level 1 in Unarmed Combat
  1552 | D:2      | Noticed Natasha
  1553 | D:2      | Killed Natasha
  1554 | D:2      | Reached XP level 3. HP: 29/29 MP: 5/5
  1734 | D:2      | Noticed Natasha
  1748 | D:2      | Killed Natasha
  1749 | D:2      | Reached XP level 4. HP: 25/37 MP: 5/7
  1759 | D:2      | Noticed Natasha
  1761 | D:2      | Killed Natasha
  2066 | D:2      | Reached * piety under Wu Jian
  2067 | D:2      | Reached XP level 5. HP: 40/42 MP: 8/8
  2260 | D:2      | Identified a scroll of acquirement
  2260 | D:2      | Acquired the +3 pair of gauntlets of War {Slay+5}
  2260 | D:2      | Found the +3 pair of gauntlets of War {Slay+5}
  2582 | D:3      | Noticed Grinder
  2595 | D:3      | Paralysed by Grinder for 7 turns
  2608 | D:3      | Killed Grinder
  2609 | D:3      | Reached XP level 6. HP: 40/52 MP: 8/10
  2821 | D:3      | Noticed Terence
  2831 | D:3      | Killed Terence
  3282 | D:3      | Noticed a steam dragon
  3578 | D:3      | Your scales start taking on a lurid green colour.
  3578 | D:3      | Reached XP level 7. HP: 45/59 MP: 10/12
  3578 | D:3      | Gained mutation: Your system is resistant to poisons.
                  | (rPois) [Green Draconian growth]
  3783 | D:4      | Reached ** piety under Wu Jian
  4032 | D:4      | Found Anneofirr's Weapon Boutique.
  4662 | D:5      | Entered Level 5 of the Dungeon
  4728 | D:5      | Reached skill level 5 in Fighting
  4789 | D:5      | Reached XP level 8. HP: 65/68 MP: 12/14
  5071 | D:5      | Found a staircase to the Ecumenical Temple.
  5128 | D:5      | Learned a level 3 spell: Portal Projectile
  5637 | D:6      | Reached skill level 5 in Dodging
  5647 | D:5      | Reached skill level 5 in Unarmed Combat
  5649 | D:5      | Reached *** piety under Wu Jian
  6321 | D:6      | Reached skill level 5 in Spellcasting
  6706 | D:6      | Found a sacrificial altar of Ru.
  6902 | D:7      | Found a sparkling altar of Nemelex Xobeh.
  7071 | D:7      | Reached XP level 9. HP: 75/78 MP: 14/17
  7116 | D:7      | Noticed a manticore
  7133 | D:7      | Killed a manticore
  7358 | D:7      | Found Syijan's Book Shop.
  7419 | D:7      | Found an ornate altar of the Wu Jian Council.
  7574 | D:7      | Found a runed translucent gate.
  7574 | D:7      | Found a runed translucent gate.
  7577 | D:7      | Found a runed translucent gate.
  7792 | D:7      | Noticed Beaer's ghost (novice VSBr)
  7793 | D:7      | Noticed Artemis's ghost (novice MfSu)
  8230 | D:8      | Noticed Maggie
  8239 | D:8      | Killed Maggie
  8560 | D:8      | Found a glowing silver altar of Zin.
  8696 | D:8      | Identified the +4 whip of Charity {antimagic, rF+ rC++
                  | rCorr Str-5}
  8946 | D:9      | Found an ancient bone altar of Kikubaaqudgha.
  8947 | D:9      | Found a blossoming altar of Fedhas.
  8949 | D:9      | Found an iron altar of Okawaru.
  9030 | D:9      | Reached XP level 10. HP: 40/88 MP: 10/19
  9285 | D:9      | Found a staircase to the Lair.
  9309 | D:9      | Reached **** piety under Wu Jian
  9463 | D:9      | Found a basalt altar of Yredelemnul.
  9464 | D:9      | Noticed a deep elf pyromancer
  9469 | D:9      | Killed a deep elf pyromancer
  9833 | D:9      | Noticed a wizard
  9845 | D:9      | Killed a wizard
 10149 | D:10     | Entered Level 10 of the Dungeon
 10157 | D:10     | Found a staircase to the Orcish Mines.
 10773 | D:10     | Found a hazy altar of Hepliaklqana.
 10942 | D:10     | Noticed a gargoyle
 11841 | D:11     | Noticed a two-headed ogre
 11863 | D:11     | Killed a two-headed ogre
 11864 | D:11     | Reached XP level 11. HP: 90/97 MP: 19/22
 11976 | D:11     | Noticed a two-headed ogre
 11980 | D:11     | Killed a two-headed ogre
 12180 | D:11     | Reached ***** piety under Wu Jian
 12561 | D:11     | Noticed a boulder beetle
 12575 | D:11     | Killed a boulder beetle
 12576 | D:11     | Reached skill level 10 in Fighting
 13495 | D:12     | Found Houps's Distillery.
 13503 | D:12     | Bought a potion of might for 44 gold pieces
 13503 | D:12     | Bought a potion of might for 44 gold pieces
 13503 | D:12     | Bought a potion of haste for 110 gold pieces
 13503 | D:12     | Bought a potion of haste for 110 gold pieces
 13503 | D:12     | Bought a potion of curing for 33 gold pieces
 13503 | D:12     | Bought a potion of magic for 88 gold pieces
 13503 | D:12     | Bought a potion of resistance for 110 gold pieces
 13751 | Lair:1   | Entered Level 1 of the Lair of Beasts
 13757 | Lair:1   | Noticed Fannar
 13889 | Lair:2   | Found a staircase to the Snake Pit.
 14102 | Lair:2   | Found a dark tunnel.
 14108 | Volcano  | Entered a volcano
 14167 | Volcano  | Reached XP level 12. HP: 100/108 MP: 25/25
 14222 | Volcano  | Identified the -6 pair of boots "Suedghun" {rF+}
 14527 | Lair:2   | Reached skill level 10 in Dodging
 14527 | Lair:2   | Reached skill level 10 in Unarmed Combat
 14527 | Lair:2   | Reached XP level 13. HP: 117/117 MP: 26/26
 14543 | Lair:2   | Identified the ring of Lady Luck {Contam Fly rC- AC+4
                  | Dex+10}
 16356 | Lair:3   | Found a staircase to the Swamp.
 16375 | Lair:3   | Reached skill level 10 in Spellcasting
 16641 | Lair:4   | Found a frozen archway.
 16689 | IceCv    | Entered an ice cave
 17486 | IceCv    | Reached ****** piety under Wu Jian
 18076 | IceCv    | Noticed a reaper
 18089 | IceCv    | Killed a reaper
 18120 | IceCv    | Identified the +6 arbalest of Deflation {venom, rN+}
 18817 | Lair:4   | Gained mutation: Your tail ends in a poisonous barb. [Green
                  | Draconian growth]
 18817 | Lair:4   | Reached XP level 14. HP: 114/129 MP: 24/28
 19529 | Lair:5   | Identified the +5 rapier of Qazlal's Supremacy {vorpal,
                  | Str+2 Int+2}
 19808 | Lair:6   | Entered Level 6 of the Lair of Beasts
 21078 | Lair:6   | Found a runed translucent door.
 21080 | Lair:6   | Noticed Skiberibeda's ghost (journeyman TrMo)
 21669 | Lair:5   | Found a staircase to the Slime Pits.
 22569 | Lair:1   | Killed Fannar
 22967 | Lair:1   | Reached XP level 15. HP: 139/139 MP: 30/30
 23493 | Orc:1    | Entered Level 1 of the Orcish Mines
 23831 | Orc:2    | Entered Level 2 of the Orcish Mines
 23875 | Orc:2    | Found Rori's Book Shoppe.
 25235 | D:13     | Found a gate to the Vaults.
 25660 | D:13     | Noticed Snorg
 25676 | D:13     | Killed Snorg
 26245 | D:13     | Noticed Maurice
 26259 | D:13     | Killed Maurice
 26701 | D:14     | Noticed Kirke
 26718 | D:14     | Killed Kirke
 26969 | D:14     | Noticed Josephine
 26979 | D:14     | Killed Josephine
 27009 | D:14     | Noticed Azrael
 27191 | D:14     | Killed Azrael
 27192 | D:14     | Reached skill level 15 in Fighting
 27597 | D:14     | Identified the +3 leather armour "Usoghagh" {rPois}
 27735 | D:15     | Entered Level 15 of the Dungeon
 27757 | D:15     | Found a staircase to the Depths.
 28238 | D:15     | Found a shadowy altar of Dithmenos.
 29155 | Orc:2    | Found Ozayd's General Store.
 29200 | Orc:2    | Found a staircase to the Elven Halls.
 29254 | Orc:2    | Found Aprous's Antique Weapon Shop.
 29277 | Orc:2    | Found Tadal's Antique Armour Shoppe.
 29308 | Orc:2    | Reached XP level 16. HP: 149/149 MP: 32/32
 29504 | Orc:2    | Bought a pair of transparent gloves for 380 gold pieces
 29504 | Orc:2    | Identified the +0 pair of gloves "Cuntiy" {-Cast Regen+
                  | Str+3 Stlth+} (You bought it in a shop on level 2 of the
                  | Orcish Mines)
 29937 | Elf:1    | Entered Level 1 of the Elven Halls
 30266 | Elf:1    | Found a runed translucent gate.
 30269 | Elf:1    | Found a runed translucent gate.
 30277 | Elf:1    | Found a runed translucent gate.
 30278 | Elf:1    | Found an opulent altar of Gozag.
 30279 | Elf:1    | Found Laycviwn's Assorted Antiques.
 30279 | Elf:1    | Found Toedgh's Assorted Antiques.
 30279 | Elf:1    | Noticed Opsifuid's ghost (journeyman BaBe)
 31279 | Elf:1    | Cast into level 3 of the Abyss (a deep elf demonologist)
 31279 | Abyss:3  | Found a corrupted altar of Lugonu.
 31384 | Abyss:4  | Learned a level 2 spell: Passwall
 31421 | Elf:1    | Escaped the Abyss
 31721 | Elf:1    | Got Ybrif's Handbook of Summoning
 32418 | Elf:3    | Entered Level 3 of the Elven Halls
 32774 | D:10     | Acquired 638 gold pieces
 32776 | D:10     | Acquired 917 gold pieces
 32868 | D:7      | Killed Beaer's ghost
 32879 | D:7      | Killed Artemis's ghost
 33110 | Lair:6   | Killed Skiberibeda's ghost
 33111 | Lair:6   | Reached skill level 15 in Unarmed Combat
 33293 | Swamp:1  | Entered Level 1 of the Swamp
 33422 | Swamp:1  | Learned a level 6 spell: Statue Form
 33845 | Swamp:1  | Reached skill level 1 in Transmutations
 33845 | Swamp:1  | Reached skill level 1 in Earth Magic
 34307 | Swamp:2  | Identified the +3 leather armour of Tihyuh {rN++ Str+4}
 35132 | Swamp:3  | Noticed a thorn hunter
 35155 | Swamp:3  | Killed a thorn hunter
 35758 | Swamp:3  | Reached XP level 17. HP: 139/158 MP: 34/34
 37140 | Swamp:3  | Noticed a tentacled monstrosity
 37158 | Swamp:3  | Killed a tentacled monstrosity
 37159 | Swamp:3  | Reached skill level 5 in Transmutations
 37159 | Swamp:3  | Reached skill level 5 in Earth Magic
 37622 | Swamp:4  | Entered Level 4 of the Swamp
 37903 | Swamp:4  | HP: 7/158 [bunyip[a spriggan druid] (17)]
 39431 | Swamp:4  | Got a decaying rune of Zot
 39622 | Snake:1  | Entered Level 1 of the Snake Pit
 41044 | Snake:1  | You are sucked into a shaft and drop 1 floor!
 43264 | Snake:3  | Reached XP level 18. HP: 130/166 MP: 36/36
 43440 | Snake:3  | Upgraded the game from 0.27.1 to 0.27.1-1-g398f81649c
 43979 | Snake:3  | Reached skill level 15 in Spellcasting
 44788 | Snake:3  | Identified the +4 spear "Maqofatia" {vorpal, rF+ rCorr}
 46332 | Snake:4  | Entered Level 4 of the Snake Pit
 47638 | Snake:4  | Noticed Nikola
 48664 | Snake:4  | Found Zoclott's Mayhem Merchandise.
 48678 | Snake:4  | Gained mutation: You are clumsy. (Dex -2) [mutagenic glow]
 48819 | Snake:4  | Lost mutation: You are clumsy. (Dex -2) [potion of
                  | mutation]
 48819 | Snake:4  | Gained mutation: You are resistant to electric shocks.
                  | (rElec) [potion of mutation]
 48819 | Snake:4  | Gained mutation: You are agile. (Dex +2) [potion of
                  | mutation]
 49077 | Snake:4  | Reached skill level 1 in Shields
 49704 | Elf:1    | Killed Opsifuid's ghost
 49737 | Elf:1    | Bought a scroll of teleportation for 90 gold pieces
 49737 | Elf:1    | Bought a blackened lead wand for 120 gold pieces
 49738 | Elf:1    | Bought 2 potions of heal wounds for 300 gold pieces
 49738 | Elf:1    | Bought a scroll of acquirement for 1560 gold pieces
 49894 | Elf:1    | Acquired 1126 gold pieces
 50457 | Elf:2    | Found Duubafua's Book Boutique.
 50740 | Elf:2    | Found a runed translucent gate.
 50741 | Elf:2    | Found a runed translucent gate.
 50741 | Elf:2    | Found a runed translucent gate.
 51786 | Elf:3    | Reached skill level 5 in Shields
 52212 | Vaults:1 | Entered Level 1 of the Vaults
 52255 | Vaults:1 | Reached XP level 19. HP: 155/170 MP: 39/39
 52743 | Vaults:1 | Learned a level 7 spell: Dragon Form
 53931 | Vaults:1 | Reached skill level 10 in Transmutations
 56674 | Vaults:2 | Found a staircase to the Crypt.
 56674 | Vaults:2 | Found an ancient bone altar of Kikubaaqudgha.
 56675 | Vaults:2 | Found a basalt altar of Yredelemnul.
 56754 | Vaults:2 | Cast into level 2 of the Abyss (a wizard)
 56754 | Abyss:2  | Found a corrupted altar of Lugonu.
 56979 | Abyss:2  | Noticed a bone dragon
 57012 | Abyss:2  | Found a corrupted altar of Lugonu.
 57177 | Abyss:2  | Reached skill level 15 in Dodging
 57177 | Abyss:2  | Reached XP level 20. HP: 173/184 MP: 40/40
 57453 | Abyss:4  | Found a broken altar of Ashenzari.
 57658 | Abyss:4  | Found a corrupted altar of Lugonu.
 57783 | Vaults:2 | Escaped the Abyss
 58216 | Vaults:2 | Found Keiwolla's Book Boutique.
 60299 | Vaults:4 | Got Sif Muna's Handbook of the Compass and Envenoming
 62103 | Vaults:4 | Reached XP level 21. HP: 177/194 MP: 42/42
 62193 | Vaults:5 | Entered Level 5 of the Vaults
 62252 | Vaults:3 | Cast into level 2 of the Abyss (a wizard)
 62392 | Abyss:3  | Found a corrupted altar of Lugonu.
 62749 | Vaults:3 | Escaped the Abyss
 65174 | Elf:3    | Cast into level 3 of the Abyss (a deep elf demonologist)
 65332 | Abyss:3  | Acquired 1005 gold pieces
 65462 | Abyss:3  | Paralysed by accursed screaming for 1 turns
 65547 | Abyss:3  | Found a corrupted altar of Lugonu.
 65631 | Elf:3    | Escaped the Abyss
 65861 | Elf:3    | Identified the +4 long sword "Jaxous" {freeze, Str+4 Int+5
                  | Dex-5}
 66035 | Elf:3    | Identified the ring of Hopsos {Str+4 Slay+4 Stlth+}
 66467 | Elf:3    | Got Suawag's Tome of the Damaging Blaze
 66478 | Elf:3    | Got the Guide on Feathery Enchantment
 66490 | Elf:3    | Got the Volume of Spatial Combat Magic
 66817 | Elf:2    | Reached XP level 22. HP: 145/199 MP: 43/43
 68490 | Snake:4  | Killed Nikola
 68789 | Snake:4  | Got a serpentine rune of Zot
 69123 | Depths:1 | Entered Level 1 of the Depths
 69156 | Depths:1 | Paralysed by a great orb of eyes for 5 turns
 69697 | Depths:1 | Found a gateway to Hell.
 69953 | Depths:1 | Found a one-way gate leading to the halls of Pandemonium.
 70803 | Depths:2 | Noticed Saint Roka
 70856 | Depths:2 | Killed Saint Roka
 70861 | Depths:2 | Reached XP level 23. HP: 216/216 MP: 44/44
 70893 | Depths:2 | Noticed a caustic shrike
 70895 | Depths:2 | Noticed a caustic shrike
 71048 | Depths:2 | Paralysed by a great orb of eyes for 2 turns
 71419 | Depths:2 | Identified the ring "Daxzu" {AC+4 Str+4 Stlth+}
 71749 | Depths:5 | Entered Level 5 of the Depths
 71760 | Depths:5 | Found a blossoming altar of Fedhas.
 72131 | Depths:5 | Found a gateway to a ziggurat.
 72246 | Depths:5 | Found Cam Vas's Weapon Boutique.
 72251 | Depths:5 | Found Geazyax's Antique Armour Boutique.
 72259 | Depths:5 | Bought a runed hat for 259 gold pieces
 72259 | Depths:5 | Bought an embroidered scarf for 296 gold pieces
 72979 | Depths:5 | Found a gate to the Realm of Zot.
 73194 | Depths:4 | Noticed an ancient lich
 73201 | Depths:4 | Killed an ancient lich
 73376 | Depths:4 | Identified the ring "Plog" {rC+ Slay+4}
 73653 | Depths:4 | Paralysed by something for 4 turns
 74467 | Depths:4 | Found a one-way gate to the infinite horrors of the Abyss.
 75123 | Depths:4 | Reached XP level 24. HP: 228/228 MP: 38/44
 75422 | Depths:3 | Noticed Louise
 75431 | Depths:3 | Killed Louise
 77378 | Depths:2 | Got Bioczob's Incunabulum of Cloudy Dark Arts
 77524 | Depths:2 | Noticed Jory
 77531 | Depths:2 | Killed Jory
 77811 | Depths:2 | Got the Catalogue of the Frostbite and the Birds
 78212 | Crypt:1  | Entered Level 1 of the Crypt
 78464 | Crypt:2  | Found a magical portal.
 78505 | WizLab   | Entered The Chambers of the Cloud Mage
 78561 | WizLab   | Paralysed by an air elemental for 1 turns
 78857 | WizLab   | Reached XP level 25. HP: 238/238 MP: 37/44
 78950 | WizLab   | Paralysed by an air elemental for 1 turns
 79027 | WizLab   | Paralysed by an air elemental for 1 turns
 79151 | WizLab   | Identified the ring "Vicurph" {Fly rC+}
 79157 | WizLab   | Got the Handbook of the Birds
 79603 | Crypt:3  | Entered Level 3 of the Crypt
 79715 | Crypt:2  | Acquired the ring "Usik" {rCorr Str+7 Int-2}
 80528 | Crypt:3  | Found the +8 demon blade "Leech" {vamp, *Rage +Rage rN+}
 80673 | Crypt:3  | Noticed Bai Suzhen
 80687 | Crypt:3  | Killed Bai Suzhen
 80746 | Crypt:3  | Found an ancient bone altar of Kikubaaqudgha.
 80753 | Crypt:3  | Noticed an ancient lich
 80768 | Crypt:3  | Killed an ancient lich
 80789 | Crypt:3  | Got Qieguum's Disquisition on Creative Clay
 81142 | Crypt:3  | Found a staircase to the Tomb.
 81403 | Crypt:3  | Got Fyonn's Collected Works on Supportive Attacks
 83597 | Vaults:5 | Learned a level 5 spell: Lee's Rapid Deconstruction
 83824 | Vaults:5 | Reached XP level 26. HP: 243/243 MP: 43/44
 83843 | Vaults:5 | Got the Disquisition on the Freezing Oath
 83855 | Vaults:5 | Identified the +6 war axe of Irritation {freeze, +Rage
                  | Will+ Str+4 Stlth-}
 83856 | Vaults:5 | Identified the +7 great sword of the Seeker {flame,
                  | *Corrode Int+6}
 84033 | Vaults:5 | Identified the +9 great sword of Bys Fyc {vorpal, Dex+4}
 84049 | Vaults:5 | Noticed a dread lich
 84057 | Vaults:5 | Identified the +6 falchion of Wealth {vorpal, rN+ Str+3}
 84057 | Vaults:5 | Noticed a dread lich
 84122 | Vaults:5 | Killed a dread lich
 84132 | Vaults:5 | Paralysed by something for 4 turns
 84140 | Vaults:5 | Killed a dread lich
 84498 | Vaults:5 | Got the Guide on Beguiling
 84520 | Vaults:5 | Identified the +1 pair of gloves of the Earth {Regen+ Int-2
                  | Dex+2}
 84582 | Vaults:5 | Got a silver rune of Zot
 85455 | Depths:3 | Voluntarily entered the Abyss.
 85542 | Abyss:1  | Reached skill level 1 in Evocations
 85548 | Depths:3 | Escaped the Abyss
 85720 | Depths:3 | Voluntarily entered the Abyss.
 85733 | Abyss:2  | Found a broken altar of Ashenzari.
 85847 | Abyss:2  | Got the Collected Works on Dark Secrets and Translocation
 85860 | Abyss:2  | Identified the +6 tower shield of Valiance {Will+}
 86159 | Abyss:4  | Got an abyssal rune of Zot
 86197 | Abyss:5  | Entered Level 5 of the Abyss
 86467 | Depths:3 | Escaped the Abyss
 86584 | Zig:1    | Entered Level 1 of a ziggurat
 86659 | Zig:2    | Entered Level 2 of a ziggurat
 86850 | Zig:3    | Entered Level 3 of a ziggurat
 86875 | Zig:3    | Identified the +2 ice dragon scales "Upim Kenuxus" {rF-
                  | rC++ MP+9 SInv}
 86905 | Zig:4    | Entered Level 4 of a ziggurat
 86915 | Zig:4    | Lost intelligence.
 86945 | Zig:4    | HP: 18/376 [bone dragon[an orange crystal statue] (4)]
 86946 | Zig:4    | HP: 6/376 [starcursed mass/accursed screaming (9)]
 86946 | Zig:4    | Mangled by a bone dragon

Illustrated notes

Levels and vault maps discovered:
D:1:      lightli_arrival_lavapool, layout_loops_cross,
          shapermc_ecumenical_altar_mp_vishouse, ebering_dispersal_statue_hall,
          minmay_hexomino_r4
D:2:      kennysheep_big_flooded_room, layout_basic, minmay_strange_pillars,
          minivault_5, uniq_natasha
D:3:      layout_basic, uniq_grinder, uniq_terence
D:4:      layout_loops_ring, serial_shops, nicolae_lakefront_shop,
          minmay_liquid_box
D:5:      layout_basic, lemuel_temple_firewalk_a
D:6:      layout_loops_ring, nicolae_ru_path_of_blood, grunt_ministairs_2,
          amethyst_killhole
D:7:      layout_cave_pods, mainiacjoe_overflow_cross_hatched,
          mainiacjoe_overflow_surrounded_room, gammafunk_ghost_cemetery,
          nicolae_inconvenience_store
D:8:      layout_basic, zin_scriptorium, chequers_serial_rivers_micro_c,
          uniq_maggie
D:9:      layout_gridville, lemuel_doored_altar,
          mainiacjoe_overflow_concentric_impassable,
          chequers_temple_overflow_statue_of_worship,
          due_lair_maze_entry_diamond, grunt_decor_mini_mirrors
D:10:     layout_loops_corners, nicolae_hepliaklqana_hazy_memory, orc_0_dummy
D:11:     layout_roguey
D:12:     layout_loops_corners, serial_shops, shop, drop_trap
D:13:     layout_gridville, erik_vaults_1, eino_jars, uniq_snorg, uniq_maurice
D:14:     layout_gridville, grunt_decor_junction,
          eino_small_chamber_without_monster, uniq_josephine, uniq_azrael,
          uniq_kirke
D:15:     grunt_enter_depths_giant_problem, layout_loops_ring,
          dk_noncrumbling_4, grunt_dithmenos_smoke_and_mirrors
Lair:1:   layout_gridlike, serial_bayou_pond_a, infiniplex_staircase_pool,
          serial_bayou_shore_a, lemuel_fruit_tree, uniq_fannar
Lair:2:   layout_cellular_growth, dummy_snake_entry, enter_volcano_1
Lair:3:   cheibrodos_lair_overgrown_chateau, layout_big_grid,
          palyth_hydra_swamp_entry
Lair:4:   layout_long_grid, portal_ice_cave_demonic_guard, grunt_megastairs_2
Lair:5:   layout_roguey, dpeg_slime_entry_corner, st_stairs_6,
          nicolae_lair_grove_arrangements
Lair:6:   grunt_lair_end_beastmaster, layout_hall_layers,
          ebering_ghost_inner_flame, columned_hall_lemuel,
          grunt_forest_large_clearings
Swamp:1:  layout_basic_swamp, nicolae_swamp_bean_lake
Swamp:2:  layout_basic_swamp, evilmike_swamp_ruin_house_3,
          nicolae_swamp_well_well_well
Swamp:3:  cheibrodos_swamp_mausoleum, layout_falls_marsh, serial_swamp_ruin,
          evilmike_swamp_ruin_house_4, evilmike_swamp_ruin_house_2, swamp_pool4,
          cheibrodos_swamp_minitomb, infiniplex_staircase_pool_2
Swamp:4:  swamp_icy, layout_basic_swamp
Snake:1:  layout_chambers, st_stairs_8
Snake:2:  layout_onion, nicolae_snake_slithery_corners
Snake:3:  layout_chambers
Snake:4:  minmay_snake_end_coiled, layout_grid_shapes, minmay_shop_mayhem,
          grunt_ministairs_2, uniq_nikola
Orc:1:    layout_caves, basic_altar
Orc:2:    grunt_orc_gardens, layout_caves, grunt_orc_garden, grunt_orc_garden,
          grunt_orc_garden, grunt_orc_garden
Elf:1:    eino_elf_arrival_the_gate, layout_onion_city, ebering_ghost_gozag,
          minmay_elf_demonology
Elf:2:    nicolae_elf_blades_crystal_corner, layout_gridlike, serial_shops,
          nicolae_shop_waterfront
Elf:3:    elf_hall, layout_geoelf_octagon
Vaults:1: vaults_room_grunt_arrival_ludios, vaults_mumra_chevron_long,
          nicolae_vaults_network_periphery, nicolae_vaults_an_arrangement,
          vaults_mumra_lcd, v_pattern_4, grunt_vaults_funnel,
          layout_vaults_quadrants
Vaults:2: v_pattern_1, vaults_mumra_hex, minmay_crypt_entry_necro_gods,
          v_misc_27, hangedman_vaults_stream, nicolae_vaults_circle_grid_b,
          vaults_room_corners, nicolae_vaults_ninety_degrees,
          nicolae_vaults_display_case, vaults_room_hallway, vaults_dpeg_doors,
          ontoclasm_vaults_idyll, layout_vaults_maze, serial_shops, shop
Vaults:3: grunt_vaults_hallway_long, nicolae_vaults_network_barrier,
          hangedman_vaults_corner_blocks, v_misc_23, ontoclasm_vaults_chip,
          vaults_dpeg_cross, vaults_dpeg_hooks, ontoclasm_vaults_idyll,
          layout_vaults_omnicross
Vaults:4: v_pattern_2, vaults_room_fours, ontoclasm_vaults_ring_small,
          nicolae_vaults_twisting_passages, grunt_vaults_hallway_long,
          v_misc_16, nicolae_vaults_theta, nicolae_vaults_border_crossing,
          nicolae_vaults_diagonal_hallway_8, dpeg_vaults_monster_row,
          v_alt_pattern_6, grunt_vaults_focal, nicolae_vaults_branching_niches,
          grunt_vaults_hallway_long, layout_vaults_omnibox
Vaults:5
Crypt:1:  layout_chaotic_city, grunt_crypt_arrival_webbed
Crypt:2:  statuecave_lemuel, layout_regular_city, mu_enter_wizlab_4
Crypt:3:  quadcrypt_mu, uniq_bai_suzhen
Depths:1: layout_gridlike, grunt_mini_vestibule, serial_sigils,
          serial_sigils_hangedman_gnaw, serial_sigils_hangedman_snap,
          serial_sigils_hangedman_carve, serial_sigils_hangedman_scar,
          rand_demon_pan_entry_7, kennysheep_crisscross, minmay_fountain_box,
          minmay_hedge_maze, drop_trap
Depths:2: due_jory_tower, layout_cave_shapes, hell_entry,
          minmay_misc_feat_ornament, uniq_saint_roka
Depths:3: evilmike_pillar_path, layout_cave_pools,
          nicolae_abyss_entry_one_way_or_another, grunt_pan_entry_in_and_out,
          hangedman_coc_ice_floe, hangedman_abyss_or_decor_passed,
          nicolae_water_bricks, minmay_staircase_statues, serial_bayou_shore_b,
          serial_bayou_shore_b
Depths:4: minmay_the_grid_plus_closed [minmay_the_grid_paths,
          minmay_the_grid_stretched_grid, minmay_the_grid_tri_star,
          minmay_the_grid_slots, minmay_the_grid_prize_four_corners_diamond_b],
          layout_basic, hell_entry, minivault_14, abyss_entry
Depths:5: grunt_zot_entry_gee_three, layout_gridlike, enter_ziggurat_d,
          rand_demon_pan_entry_3, hell_entry, fedhas_altar_2,
          serial_bayou_shore_b, minmay_shop_star
Zig:4

Skill      XL: |  1  2  3  4  5  6  7  8  9 10 11 12 13 14 15 16 17 18 19 20 21 22 23 24 25 26 |
---------------+-------------------------------------------------------------------------------+-----
Dodging        | 2 3 4 5 6 8 9 10 11 12 13 14 15 16 17 18 19 21 22 | 22.1
Unarmed Combat | 1 2 3 4 5 7 8 9 10 12 13 14 15 16 17 18 19 21 22 23 | 23.4
Fighting       | 2 3 4 5 6 7 9 10 11 13 14 15 16 17 18 20 21 22 23 | 23.5
Spellcasting   | 2 3 4 5 6 7 9 10 11 12 13 14 16 17 | 17.9
Transmutations | 3 8 9 10 12 13 | 13.2
Earth Magic    | 3 8 9 |  9.5
Shields        | 5 |  5.4
Evocations     | 3 |  3.5
Throwing       | |  1.7
Hexes          | |  2.6

Action                   |  1- 3 |  4- 6 |  7- 9 | 10-12 | 13-15 | 16-18 | 19-21 | 22-24 | 25-27 || total
-------------------------+-------+-------+-------+-------+-------+-------+-------+-------+-------++-------
Melee: Unarmed           |   133 |    70 |   349 |   423 |  1569 |  2077 |  2387 |  1452 |   982 ||  9442
       Tailslap          |    16 |    12 |    48 |    79 |   359 |   505 |   631 |   349 |   240 ||  2239
       Punch             |     1 |       |     4 |    17 |   161 |   232 |       |   114 |    61 ||   590
       Bite              |       |       |       |       |       |       |       |   123 |    82 ||   205
Throw: Javelin           |    11 |    10 |    22 |     1 |     1 |       |     3 |       |       ||    48
       Throwing net      |       |     2 |       |       |     1 |       |       |       |       ||     3
       Dart              |       |       |       |     3 |       |       |     4 |       |       ||     7
 Cast: Slow              |     2 |       |       |       |       |       |       |       |       ||     2
       Portal Projectile |       |       |     3 |       |       |       |     1 |       |       ||     4
       Passwall          |       |       |       |       |       |     1 |     5 |       |     7 ||    13
       Statue Form       |       |       |       |       |       |     1 |    11 |     4 |    18 ||    34
       Dragon Form       |       |       |       |       |       |       |       |    44 |    38 ||    82
Invok: Lunge             |     8 |     5 |    24 |    21 |    72 |    97 |   102 |   101 |    83 ||   513
       Whirlwind         |       |     1 |       |     8 |    24 |    62 |    69 |    49 |    32 ||   245
       Serpent's Lash    |       |       |     1 |     1 |     1 |     7 |     1 |     2 |     1 ||    14
       Heavenly Storm    |       |       |       |       |       |     2 |     3 |     3 |     5 ||    13
 Abil: Wall Jump         |       |       |    13 |    15 |     8 |       |     2 |       |       ||    38
       Breathe Noxious F |       |       |     5 |    10 |    10 |    10 |    23 |     5 |     3 ||    66
       End Transformatio |       |       |       |       |       |     1 |       |     2 |       ||     3
Evoke: Wand              |     2 |     7 |     5 |    17 |    18 |    34 |    16 |     3 |     2 ||   104
       Condenser vane    |       |       |       |       |     2 |     5 |     8 |     4 |     4 ||    23
  Use: Scroll            |     5 |     3 |     5 |     9 |    15 |    21 |     9 |     4 |    10 ||    81
       Potion            |       |     3 |     1 |     6 |    13 |    20 |    10 |     2 |    14 ||    69
 Stab: Sleeping          |     1 |     1 |       |       |    10 |    11 |     7 |     7 |     4 ||    41
       Confused          |       |       |     3 |     5 |    13 |    13 |    45 |     9 |       ||    88
       Paralysed         |       |       |       |     6 |       |       |       |       |       ||     6
       Invisible         |       |       |       |       |    27 |     3 |     2 |       |       ||    32
       Held in net/web   |       |       |       |       |     2 |       |       |       |       ||     2
       Distracted        |       |       |       |       |     2 |     2 |     8 |     1 |     7 ||    20
Armor: Skin              |    47 |    22 |   163 |   154 |   414 |   569 |   426 |   354 |   312 ||  2461
Dodge: Dodged            |    98 |    53 |   206 |   293 |  1505 |  2029 |  1669 |  1029 |  1080 ||  7962
Block: Buckler           |       |       |       |       |       |    33 |   661 |   198 |   226 ||  1118
